 Dungeon Crawl Stone Soup version 0.31-a0-981-geadf994542 (webtiles) character file.

Game seed: 9882642755613869892

1803 Dirtsage the Mimic (level 9, -2/87 HPs)
             Began as an Octopode Shapeshifter on Oct 31, 2023.
             Was a Follower of Wu Jian.
             Slain by a hornet (6 damage)
             ... on level 7 of the Dungeon.
             The game lasted 00:11:26 (5367 turns).

Dirtsage the Mimic (Octopode Shapeshifter)          Turns: 5367, Time: 00:11:26

Health: -2/87      AC: 24    Str: 14    XL:     9   Next: 9%
Magic:  18/18      EV:  2    Int: 12    God:    Wu Jian [*.....]
Gold:   219        SH:  6    Dex: 15    Spells: 8/8 levels left

rFire   . .          .
                       - Unarmed
rCold   . . .        w - +2 buckler
rNeg    . . .        (helmet currently unavailable)
rPois   +            t - amulet of the acrobat
rElec   .            p - ring of magical power
rCorr   .            (no ring)
SInv    .            (no ring)
Will    .....        (no ring)
Stlth   +            (no ring)
HPRegen 0.34/turn    (no ring)
MPRegen 0.16/turn    (no ring)
                     (no ring)

%: acrobat
@: tree-form (expiring), slowed, invisible, very slow
A: stationary, stasis, torment immunity, boosted hp, almost no armour,
(amphibious), 8 rings, (camouflage 1), (gelatinous body 1), (nimble swimmer 1),
(tentacles)
a: Renounce Religion


You were on level 7 of the Dungeon.
You worshipped Wu Jian.
Wu Jian was aware of your devotion.
You were a tree.
You visited 2 branches of the dungeon, and saw 8 of its levels.

You collected 219 gold pieces.

Inventory:

Armour
 w - a +2 buckler (worn)
Jewellery
 p - a ring of magical power (left branch)
 t - an amulet of the acrobat (around neck)
Talismans
 a - a maw talisman
 b - a beast talisman
 c - a flux talisman
 v - a serpent talisman (active)
Wands
 l - a wand of iceblast (6)
 y - a wand of flame (19)
Scrolls
 d - 2 scrolls of poison
 f - 5 scrolls of teleportation {unknown}
 i - 2 scrolls of identify
 j - a scroll of immolation {unknown}
 m - a scroll of torment {unknown}
Potions
 e - a potion of invisibility
 h - 3 potions of resistance {unknown}
 n - a potion of attraction {unknown}
 o - a potion of haste {unknown}
 s - a potion of enlightenment {unknown}
 u - 2 potions of degeneration {unknown}
 x - a potion of heal wounds {unknown}


   Skills:
 + Level 4.2 Fighting
 - Level 2.0 Dodging
 + Level 6.6 Unarmed Combat
 * Level 8.6 Shapeshifting


You had 8 spell levels left.
You didn't know any spells.
Your spell library contained the following spells:

 Spells                   Type           Power      Damage    Failure   Level
 Summon Small Mammal      Summ           0%         N/A       41%         1
 Lesser Beckoning         Tloc           0%         N/A       56%         2
 Gell's Gravitas          Tloc           0%         N/A       80%         3
 Teleport Other           Tloc           0%         N/A       80%         3
 Metabolic Englaciation   Hex/Ice        0%         N/A       100%        5
 Summon Forest            Summ/Tloc      0%         N/A       100%        5
 Summon Mana Viper        Hex/Summ       0%         N/A       100%        5


Dungeon Overview and Level Annotations

Branches:
Dungeon (7/15)             Temple (1/1) D:6

Altars:
Cheibriados
Dithmenos
Elyvilon
Fedhas
Hepliaklqana
Makhleb
Nemelex Xobeh
Okawaru
Qazlal
Ru
Uskayaw
Vehumet
Wu Jian
Xom
Zin
The Shining One

Shops:
D:2 (


Innate Abilities, Weirdness & Mutations

You are a tree.
Your roots penetrate the ground, keeping you stationary.
You cannot be teleported.
You are immune to unholy pain and torment.
Your maximum health is greatly increased.
You cannot wear most types of armour.
((You are amphibious.))
You can wear up to eight rings at the same time.
((Your skin changes colour to match your surroundings (Stealth+).))
((Your rubbery body absorbs attacks. (AC +1, EV +1)))
((You are camouflaged when in or above water. (Stealth+)))
((You have tentacles for arms and can constrict up to eight enemies at once.))


Message History

* * * LOW HITPOINT WARNING * * *
You feel as though you will be slow longer.
You can move again.
You take 40 damage, and have 11/60 hp.
MASSIVE DAMAGE!!
Unknown command.
Unknown command.
Unknown command.
Your transformation has ended.
Your +2 buckler unmelds from your body.
You turn into a tree.
Your roots penetrate the ground.
You feel sick. The hornet stings you!
* * * LOW HITPOINT WARNING * * *
The hornet stings you but does no damage.
You now have 7/87 hp.
You feel better. You block the hornet's attack.
The hornet stings you but does no damage.
You regained 12 hp, and now have 19/87 hp.
You smack the hornet!
The hornet is severely wounded.
The hornet barely misses you.
The hornet stings you but does no damage.
The hornet stings you.
* * * LOW HITPOINT WARNING * * *
You take 5 damage, and have 14/87 hp.
You hit the hornet but do no damage. You punch the hornet.
The hornet is severely wounded.
The hornet stings you!
* * * LOW HITPOINT WARNING * * *
The hornet stings you but does no damage.
You take 6 damage, and have 8/87 hp.
You fade into invisibility!
You block the hornet's attack. The hornet stings you.
* * * LOW HITPOINT WARNING * * *
You feel as though you will be slow longer.
You take 5 damage, and have 3/87 hp.
You strike the helpless hornet from behind!
You hit the hornet. You punch the hornet.
The hornet is almost dead.
Your transformation is almost over.
The hornet stings you.
You die...

#.####.####.#
#......# #.# ###
#...<#.####.####..
#.###..........#.# #
#..####.##.#.#
#..#.......#.#
#..#....#..#.######
....#...#..#......##
............♣.......
.....#.....y.#.#.##
#.#.######....#
...#.# #.##.# ... #
.## .


You could see a hornet (unable to see you).

Vanquished Creatures
  Sigmund (D:5)
  Eustachio (D:5)
  3 ice beasts
  2 centaurs
  A bullfrog (D:6)
  4 scorpions
  2 howler monkeys
  A crimson imp (D:3)
  2 orc priests (D:5)
  5 hounds
  4 iguanas
  Robin (D:2)
  11 gnolls
  9 adders
  3 ufetubi (D:5)
  2 worms
  3 dart slugs
  15 orcs
  4 endoplasms
  2 giant cockroaches
  12 goblins
  13 hobgoblins
  5 jackals
  5 kobolds
  4 quokkas
  8 ball pythons
  5 bats
  3 frilled lizards
  6 rats
137 creatures vanquished.

Notes
Turn   | Place    | Note
-------+----------+-------------------------------------------
     0 | D:1      | Dirtsage the Octopode Shapeshifter began the quest for the
                  | Orb.
     0 | D:1      | Reached XP level 1. HP: 13/13 MP: 1/1
   105 | D:1      | Reached XP level 2. HP: 18/18 MP: 2/2
   818 | D:2      | Reached XP level 3. HP: 23/23 MP: 3/3
  1056 | D:2      | Found Qeoxac's Antique Weapon Boutique.
  1160 | D:2      | Reached XP level 4. HP: 21/29 MP: 4/4
  1239 | D:2      | Noticed Robin
  1282 | D:2      | Killed Robin
  1391 | D:2      | Reached skill level 4 in Shapeshifting
  1401 | D:2      | Reached XP level 5. HP: 28/34 MP: 5/5
  1825 | D:3      | Found a snail-covered altar of Cheibriados.
  2239 | D:3      | Identified the +2 long sword "Sarcophage" {flame, *Corrode
                  | rPois Dex+3 SInv Stlth+}
  2271 | D:3      | Found a burning altar of Makhleb.
  2271 | D:3      | Found a shimmering altar of Xom.
  2309 | D:4      | Identified the of Okuluded
  2317 | D:4      | Reached XP level 6. HP: 41/41 MP: 6/6
  2596 | D:4      | Reached skill level 5 in Unarmed Combat
  2918 | D:4      | Reached skill level 5 in Shapeshifting
  2918 | D:4      | Reached XP level 7. HP: 44/46 MP: 7/7
  3006 | D:5      | Entered Level 5 of the Dungeon
  3755 | D:5      | Noticed Sigmund
  3756 | D:5      | Noticed Eustachio
  3761 | D:5      | Killed Sigmund
  3762 | D:5      | Reached XP level 8. HP: 54/54 MP: 8/8
  3794 | D:5      | Reached skill level 6 in Shapeshifting
  3798 | D:5      | Killed Eustachio
  3896 | D:5      | Found an ornate altar of the Wu Jian Council.
  3901 | D:5      | Found a sacrificial altar of Ru.
  3905 | D:5      | Became a worshipper of the Wu Jian Council
  3908 | D:5      | Found a hazy altar of Hepliaklqana.
  3971 | D:5      | Found a sparkling altar of Nemelex Xobeh.
  4164 | D:5      | Reached skill level 7 in Shapeshifting
  4317 | D:6      | Found a hide-covered altar of Uskayaw.
  4317 | D:6      | Found a glowing silver altar of Zin.
  4503 | D:6      | Noticed a two-headed ogre
  4722 | D:6      | Reached skill level 8 in Shapeshifting
  4833 | D:6      | Reached XP level 9. HP: 55/58 MP: 9/9
  4840 | D:6      | Reached * piety under Wu Jian
  5069 | D:6      | Found a staircase to the Ecumenical Temple.
  5074 | Temple   | Found a transporter.
  5074 | Temple   | Found a transporter.
  5074 | Temple   | Found a transporter.
  5074 | Temple   | Found a transporter.
  5074 | Temple   | Entered the Ecumenical Temple
  5352 | D:7      | Noticed a hornet
  5358 | D:7      | Paralysed by a hornet for 3 turns
  5366 | D:7      | HP: 3/87 [hornet (5)]
  5367 | D:7      | Slain by a hornet

Illustrated notes

Levels and vault maps discovered:
D:1:      nicolae_arrival_somewhat_less_tricky_arrival, layout_loops_ring,
          minmay_liquid_box
D:2:      layout_basic, serial_shops, nicolae_shop_dealshenge, uniq_robin
D:3:      layout_basic, grunt_temple_overflow_champion_of_chaos,
          kennysheep_slug_shrine, kennysheep_flooded_box,
          minmay_tree_intersection
D:4:      layout_loops_ring
D:5:      minmay_evil_eye, layout_loops_ring,
          nicolae_overflow_macrodata_refinement, minmay_statues_item,
          nicolae_tricolors, uniq_sigmund, uniq_eustachio
D:6:      layout_basic, gammafunk_temple_overflow_elements,
          minmay_temple_entry_nine_rooms
D:7:      black_bear_nest_2, layout_basic, kiku_gazebo_garden_becter,
          nicolae_take_the_stairs
Temple:   hellmonk_temple_divided_pantheon

Skill      XL: |  1  2  3  4  5  6  7  8 |
---------------+-------------------------+-----
Fighting       | 2 3 4 |  4.2
Unarmed Combat | 4 5 6 |  6.6
Shapeshifting  | 4 5 8 |  8.6
Dodging        | |  2.0

Action                     |  1- 3 |  4- 6 |  7- 9 || total
---------------------------+-------+-------+-------++-------
  Melee: Unarmed           |    54 |   124 |   121 ||   299
         Constrict         |    14 |    34 |    33 ||    81
         Tentacles         |    11 |    29 |    25 ||    65
         Punch             |     3 |     6 |    11 ||    20
Ability: Lunge             |       |       |     4 ||     4
  Evoke: Wand              |       |       |    18 ||    18
    Use: Potion            |       |     2 |     3 ||     5
         Scroll            |       |     1 |     3 ||     4
   Stab: Sleeping          |     6 |     9 |     4 ||    19
         Distracted        |       |     1 |       ||     1
         Paralysed         |       |       |    15 ||    15
         Invisible         |       |       |     1 ||     1
 Armour: Skin              |    16 |    57 |    63 ||   136
  Dodge: Dodged            |    22 |    58 |    49 ||   129
  Block: Buckler           |     4 |    19 |    27 ||    50
   Form: Anaconda          |       |       |     1 ||     1

Table legend: (Time is in decaauts)
 A = Elapsed time spent in this place.
 B = Non-inter-level travel time spent in this place.
 C = Inter-level travel time spent in this place.
 D = Time resting spent in this place.
 E = Time spent auto-exploring this place.
 F = Levels seen in this place.
 G = Mean time per level.
                   A        B        C        D        E       F      G
               +--------+--------+--------+--------+--------+-----+--------+
         Total |   5354 |   5170 |    184 |    282 |   3917 |   8 |  669.2 |
       Dungeon |   5332 |   5157 |    175 |    282 |   3917 |   7 |  761.7 |
        Temple |     21 |     12 |      9 |      0 |      0 |   1 |   21.0 |
               +--------+--------+--------+--------+--------+-----+--------+

Top non-repeatable levels by time:
     D:5: 1422 daAuts
     D:6: 867 daAuts
     D:1: 857 daAuts
     D:3: 726 daAuts
     D:2: 720 daAuts
     D:4: 694 daAuts
     D:7: 43 daAuts
  Temple: 21 daAuts
